 Seeded DCSS version 0.29.1-15-g9cfb28693d (webtiles) character file.

Game seed: 16245865983455551772 (custom seed)

954 Psyclone the Firebug (level 7, -2/36 HPs)
             Began as a Deep Elf Fire Elementalist on Sept 24, 2023.
             Slain by an orc warrior
             ... wielding a +0 battleaxe
              (20 damage)
             ... on level 6 of the Dungeon.
             The game lasted 00:16:10 (6455 turns).

Psyclone the Firebug (Deep Elf Fire Elementalist)   Turns: 6455, Time: 00:16:10

Health: -2/36      AC:  4    Str:  5    XL:     7   Next: 91%
Magic:  15/16      EV: 12    Int: 34    God:
Gold:   230        SH:  0    Dex: 15    Spells: 5/16 levels left

rFire   + . .      SeeInvis .   a - staff of fire
rCold   . . .      Faith    .   (no shield)
rNeg    . . .      Spirit   .   f - +0 robe
rPois   .          Reflect  .   (no helmet)
rElec   .          Harm     .   (no cloak)
rCorr   .          Rampage  .   (no gloves)
Will    .....                   e - +1 pair of boots {Fly}
Stlth   ++........              (no amulet)
HPRegen 0.12/turn               j - +6 ring of intelligence
MPRegen 0.15/turn               k - +6 ring of intelligence

@: flying
A: no striking features
a: no special abilities


You were on level 6 of the Dungeon.
You visited 1 branch of the dungeon, and saw 6 of its levels.

You collected 230 gold pieces.

Inventory:

Hand Weapons
 b - a +1 dagger of venom
Armour
 e - a +1 pair of boots of flying (worn)
 f - a +0 robe (worn)
Magical Staves
 a - a staff of fire (weapon)
Jewellery
 j - a +6 ring of intelligence (left hand)
 k - a +6 ring of intelligence (right hand)
 r - an amulet of regeneration
Wands
 p - a wand of roots (1)
 t - a wand of quicksilver (8)
Scrolls
 i - 2 scrolls of teleportation {unknown}
 m - 6 scrolls of identify {unknown}
 n - a scroll of enchant weapon {unknown}
 o - a scroll of summoning {unknown}
 q - a scroll of noise {unknown}
 s - a scroll of immolation {unknown}
 v - a scroll of silence {unknown}
 w - a scroll of amnesia {unknown}
Potions
 d - a potion of brilliance {unknown}
 g - a potion of might {unknown}
 h - 2 potions of flight {unknown}
 l - a potion of heal wounds {unknown}
 u - a potion of berserk rage {unknown}


   Skills:
 - Level 2.4 Dodging
 - Level 2.4 Stealth
 + Level 5.0 Spellcasting
 + Level 5.1 Conjurations
 + Level 3.8 Transmutations
 + Level 6.0 Fire Magic
 + Level 3.9 Poison Magic


You had 5 spell levels left.
You knew the following spells:

 Your Spells              Type           Power      Damage    Failure   Level
a - Foxfire               Conj/Fire      100%       2x1d9     1%          1
b - Scorch                Fire           100%       2d10      1%          2
c - Conjure Flame         Conj/Fire      63%        6-21      1%          3
s - Ignite Poison         Fire/Tmut/Pois 57%        N/A       1%          3
v - Poisonous Vapours     Pois/Air       44%        N/A       3%          2

Your spell library contained the following spells:

 Spells                   Type           Power      Damage    Failure   Level
 Sting                    Tmut/Pois      100%       1d8       1%          1
 Inner Flame              Hex/Fire       43%        N/A       3%          3
 Flame Wave               Conj/Fire      63%        2d15      4%          4
 Sticky Flame             Conj/Fire      63%        2d8       4%          4
 Olgreb's Toxic Radiance  Pois           35%        N/A       9%          4
 Fireball                 Conj/Fire      31%        3d13      12%         5
 Confusing Touch          Hex            8%         N/A       13%         3
 Yara's Violent Unravell  Hex/Tmut       10%        3d6       50%         5
 Enfeeble                 Hex            4%         N/A       100%        7
 Chain Lightning          Conj/Air       12%        3d16      100%        9
 Fire Storm               Conj/Fire      31%        8d8       100%        9
 Shatter                  Erth           4%         3d7*      100%        9


Dungeon Overview and Level Annotations

Branches:
Dungeon (6/15) Zot: 26388  Temple (0/1) D:5

Altars:
Cheibriados
Dithmenos
Makhleb

Shops:
D:3 [   D:4 *:[


Message History

Confirm with . or Enter, or press ? or * to list all spells.
You feel a surge of power!
You conjure some foxfire!
The foxfire hits the orc warrior.
The orc warrior is moderately wounded.
The orc warrior closely misses you.
The orc warrior hits your foxfire with a +0 battleaxe.
You now have 1/16 mp.
Casting: Foxfire (safe; 1% risk of failure)
Confirm with . or Enter, or press ? or * to list all spells.
You feel a surge of power!
You conjure some foxfire!
The sentinel's mark upon you fades away.
The foxfire hits the orc warrior but does no damage.
The orc warrior is moderately wounded.
The foxfire hits the orc warrior but does no damage.
The orc warrior is moderately wounded.
The foxfire hits the orc warrior but does no damage.
The orc warrior is moderately wounded.
The orc warrior closely misses you.
The orc warrior hits your foxfire with a +0 battleaxe!
Casting: Foxfire (safe; 1% risk of failure)
Confirm with . or Enter, or press ? or * to list all spells.
You feel a surge of power!
You conjure some foxfire!
The foxfire hits the orc warrior but does no damage.
The orc warrior is moderately wounded.
The orc warrior hits you with a +0 battleaxe!
The orc warrior closely misses your foxfire.
You take 8 damage, and have 18/36 hp.
MASSIVE DAMAGE!!
You now have 0/16 mp.
Magic courses through your body.
The foxfire hits the orc warrior but does no damage.
The orc warrior is moderately wounded.
The foxfire hits the orc warrior but does no damage.
The orc warrior is moderately wounded.
The orc warrior closely misses you.
MP restored: 16
Casting: Foxfire (safe; 1% risk of failure)
Confirm with . or Enter, or press ? or * to list all spells.
You feel a surge of power!
You conjure some foxfire!
The orc warrior hits you with a +0 battleaxe!!
Ouch! That really hurt!
You die...

..#
#.#.#.#.#.......#.......
..#
#.#.#.#.#..#.##.#.......
..#
#.#.#.#.#..#.##.#.......
..#
#.#.#.#....#.##.#....<..
..#
#.#........#)##.#.#.....
..# #.#........#W##.#
### #.#.#......#)##.# #
#.#.#......#†##.#
#####.#........o@v#
.g....#..)))).†#.v#
#######.......#####
................
#######..####### #..#
#.<# #..# .....


You could see an orc warrior (ally target) and a phantom.

Vanquished Creatures
  An ogre (D:4)
  A centaur (D:5)
  A kobold brigand (D:6)
  2 bullfrogs (D:6)
  A necrophage (D:4)
  2 scorpions
  An orc priest (D:3)
  A hound (D:6)
  An iron imp (D:4)
  Jessica (D:2)
  An iguana (D:4)
  An orc wizard (D:3)
  Natasha (thrice) (D:3)
  A hound skeleton (D:4)
  4 gnolls (D:6)
  5 adders
  9 orcs
  6 ball pythons
  3 bats
  8 endoplasms
  A giant cockroach (D:4)
  5 goblins
  8 hobgoblins
  12 kobolds
  4 quokkas
  3 frilled lizards
  7 rats
93 creatures vanquished.

Vanquished Creatures (others)
  404 foxfires
  2 plants (D:3)
406 creatures vanquished.

Grand Total: 499 creatures vanquished

Notes
Turn   | Place    | Note
-------+----------+-------------------------------------------
     0 | D:1      | Psyclone the Deep Elf Fire Elementalist began the quest for
                  | the Orb.
     0 | D:1      | Reached XP level 1. HP: 10/10 MP: 6/6
   224 | D:1      | Identified 3 scrolls of acquirement
   224 | D:1      | Acquired the Collected Works on the Summer
   226 | D:1      | Acquired a staff of fire
   229 | D:1      | Acquired a +1 pair of boots of flying
   377 | D:1      | Found a faded altar of an unknown god.
   401 | D:1      | Reached XP level 2. HP: 15/15 MP: 5/8
  1666 | D:2      | Learned a level 2 spell: Poisonous Vapours
  1866 | D:2      | Reached skill level 4 in Fire Magic
  1866 | D:2      | Reached XP level 3. HP: 19/19 MP: 4/9
  2031 | D:2      | Noticed Jessica
  2036 | D:2      | Killed Jessica
  2441 | D:2      | Learned a level 3 spell: Conjure Flame
  2444 | D:2      | Learned a level 2 spell: Scorch
  2695 | D:3      | Reached XP level 4. HP: 17/24 MP: 3/10
  3035 | D:3      | Reached skill level 1 in Poison Magic
  3219 | D:3      | Reached skill level 1 in Transmutations
  3285 | D:3      | Noticed Natasha
  3288 | D:3      | Killed Natasha
  3289 | D:3      | Reached XP level 5. HP: 20/28 MP: 0/11
  3426 | D:3      | Noticed Natasha
  3436 | D:3      | Killed Natasha
  3464 | D:3      | Noticed Natasha
  3468 | D:3      | Killed Natasha
  3901 | D:3      | Reached skill level 5 in Fire Magic
  4063 | D:3      | Found Ymmy Ciutu's Antique Armour Shoppe.
  4100 | D:4      | Found Tuuwolaw's General Store.
  4116 | D:4      | Noticed an ogre
  4121 | D:4      | Killed an ogre
  4122 | D:4      | Reached XP level 6. HP: 32/32 MP: 4/12
  4262 | D:4      | Found a snail-covered altar of Cheibriados.
  4740 | D:4      | Found Gamycsypi's Antique Armour Boutique.
  4952 | D:4      | Found Koenoidu's Book Boutique.
  4992 | D:4      | Learned a level 3 spell: Ignite Poison
  5028 | D:4      | Found a shadowy altar of Dithmenos.
  5073 | D:4      | Found a burning altar of Makhleb.
  5216 | D:4      | Reached XP level 7. HP: 19/36 MP: 8/14
  5507 | D:5      | Entered Level 5 of the Dungeon
  5740 | D:5      | Found a staircase to the Ecumenical Temple.
  6400 | D:6      | Reached skill level 5 in Conjurations
  6435 | D:6      | Reached skill level 6 in Fire Magic
  6443 | D:6      | Reached skill level 5 in Spellcasting
  6455 | D:6      | Slain by an orc warrior

Illustrated notes

Levels and vault maps discovered:
D:1:      minmay_arrival_hallway, layout_loops_corners, basic_ecumenical_altar,
          minmay_unequal
D:2:      layout_loops_ring, uniq_jessica
D:3:      layout_basic, serial_shops, nicolae_shop_advertising_works
          [nicolae_subvault_shop_adworks], minmay_shallow_snake_nest,
          uniq_natasha
D:4:      layout_rooms, grunt_dithmenos_smoke_and_mirrors,
          makhleb_blood_cavern_becter, slow_altar_1, serial_shops,
          nicolae_square_shop, nicolae_shop_temple_entry_statues_fountains,
          kennysheep_mini_moat, chequers_serial_rivers_large_a,
          minmay_fractal_squares_gapless_5
D:5:      layout_layer_cave, mainiacjoe_overflow_cross_hatched,
          lemuel_temple_firewalk_b, uniq_sigmund
D:6:      layout_basic

Skill      XL: |  1  2  3  4  5  6  7 |
---------------+----------------------+-----
Conjurations   | 2 3 4 5 |  5.1
Fire Magic     | 4 5 6 |  6.0
Poison Magic   | 1 2 3 |  3.9
Transmutations | 1 2 3 |  3.8
Spellcasting   | 5 |  5.0
Dodging        | |  2.4
Stealth        | |  2.4

Action                   |  1- 3 |  4- 6 |  7- 9 || total
-------------------------+-------+-------+-------++-------
Melee: Staff             |       |    11 |       ||    11
       Punch             |       |     1 |       ||     1
 Cast: Foxfire           |    79 |   104 |    57 ||   240
       Poisonous Vapours |     3 |    16 |     6 ||    25
       Scorch            |       |     3 |       ||     3
       Ignite Poison     |       |       |     1 ||     1
Evoke: Wand              |       |     1 |       ||     1
  Use: Scroll            |     3 |       |       ||     3
       Potion            |       |     1 |     1 ||     2
Armor: Robe              |     3 |    12 |     2 ||    17
       Skin              |       |     4 |       ||     4
Dodge: Dodged            |     2 |    12 |     7 ||    21
